 Dungeon Crawl Stone Soup version 0.28.0-53-g5a82cb258f (webtiles) character file.

Game seed: 16559132578742935274

5842 jjjjhere the Martial Artist (level 10, -2/76 HPs)
             Began as a Gnoll Wanderer on Aug 16, 2022.
             Was the Champion of Jiyva.
             Slain by a freezing wraith (21 damage)
             ... on level 10 of the Dungeon.
             The game lasted 00:13:40 (7486 turns).

jjjjhere the Martial Artist (Gnoll Wanderer)        Turns: 7486, Time: 00:13:40

Health: -2/76      AC: 12    Str: 13    XL:     10   Next: 80%
Magic:  21/21      EV: 14    Int: 10    God:    Jiyva [******]
Gold:   238        SH:  0    Dex: 16    Spells: 23/24 levels left

rFire   . . .      SeeInvis +     - Unarmed
rCold   . . .      Faith    .   (no shield)
rNeg    . . .      Spirit   .   D - +5 ring mail of Spite {Will+}
rPois   .          Reflect  .   (helmet restricted)
rElec   .          Harm     .   (no cloak)
rCorr   +          Rampage  .   (no gloves)
Will    +....                   A - +0 pair of boots
Stlth   +++.......              i - amulet of regeneration
HPRegen 2.62/turn               (no ring)
MPRegen 0.67/turn               (no ring)

@: slowed, very slow
A: fangs 1, strong nose, distributed training, claws 2, horns 1, eyeballs 3,
tendrils, sturdy frame 2
a: Renounce Religion, Oozemancy, Slimify


You were on level 10 of the Dungeon.
You worshipped Jiyva.
Jiyva was exalted by your worship.
You visited 1 branch of the dungeon, and saw 10 of its levels.
You also visited: Sewer.

You collected 238 gold pieces.

Inventory:

Hand Weapons
 a - a +0 dagger
 q - a +0 short sword
 r - a +0 hunting sling
 t - a +0 rapier
 v - the +7 short sword of Lamuts {drain, rC+ Dex+2}
   (You found it on level 4 of the Dungeon)

   A truly terrible weapon, it drains the life of any living foe it strikes.
   Dex:       It affects your dexterity (+2).
   rC:        It protects you from cold.
 y - the +2 long sword of the Big Fish {holy, Str+2}
   (You found it on level 8 of the Dungeon)

   It has been blessed by the Shining One to cause great damage to the undead
   and demons.
   Str:       It affects your strength (+2).
 B - a +3 trident
Missiles
 c - 5 boomerangs (quivered)
 f - 233 stones
 k - 3 atropa-tipped darts
 p - 11 poisoned darts
Armour
 e - a +0 robe
 g - a +1 ring mail
 j - +2 steam dragon scales
 w - an orb of wrath
 A - a +0 pair of boots (worn)
 D - the +5 ring mail of Spite (worn) {Will+}
   (You found it on level 8 of the Dungeon)

   Will:      It increases your willpower.
 G - a +0 helmet
Magical Staves
 x - a staff of conjuration
Jewellery
 i - an amulet of regeneration (around neck)
Wands
 C - a wand of polymorph (15)
Scrolls
 d - a scroll of fear
 l - 2 scrolls of fog
 E - a scroll of immolation {unknown}
Potions
 b - 2 potions of heal wounds
 h - 2 potions of degeneration
 m - a potion of magic
 n - a potion of berserk rage
 o - 2 potions of curing {unknown}
 s - a potion of might {unknown}
 u - 2 potions of brilliance {unknown}
 z - a potion of lignification {unknown}
 F - a potion of attraction {unknown}


   Skills:
 + Level 6.2 Fighting
 + Level 5.6 Short Blades
 + Level 5.6 Long Blades
 + Level 5.6 Axes
 + Level 5.6 Maces & Flails
 + Level 5.6 Polearms
 + Level 5.6 Staves
 + Level 5.6 Slings
 + Level 5.6 Bows
 + Level 5.6 Crossbows
 + Level 6.2 Throwing
 + Level 5.6 Armour
 + Level 5.6 Dodging
 + Level 5.6 Stealth
 + Level 5.6 Shields
 + Level 8.7 Unarmed Combat
 + Level 7.6 Spellcasting
 + Level 4.6 Conjurations
 + Level 7.2 Hexes
 + Level 4.6 Summonings
 + Level 4.6 Necromancy
 + Level 4.6 Translocations
 + Level 4.6 Transmutations
 + Level 4.6 Fire Magic
 + Level 4.6 Ice Magic
 + Level 4.6 Air Magic
 + Level 4.6 Earth Magic
 + Level 4.6 Poison Magic
 + Level 6.2 Invocations
 + Level 5.6 Evocations


You had 23 spell levels left.
You knew the following spells:

 Your Spells              Type           Power      Damage    Failure   Level
a - Slow                  Hex            72%        N/A       1%          1

Your spell library contained the following spells:

 Spells                   Type           Power      Damage    Failure   Level
 Summon Guardian Golem    Hex/Summ       15%        N/A       4%          3


Dungeon Overview and Level Annotations

Branches:
Dungeon (10/15)            Temple (0/1) D:6           Sewer (visited)
   Lair: D:8-11         Orc: D:9-12

Altars:
Cheibriados
Jiyva

Shops:
D:2 [


Innate Abilities, Weirdness & Mutations

You have very sharp teeth.
Your uncanny sense of smell can sniff out nearby items.
Your experience applies equally to all skills.
You have very sharp fingernails.
You have a pair of small horns on your head.
Your body is covered in eyes which may confuse attackers. (Acc +7, SInv)
You are covered in slimy tendrils that may disarm your opponents.
Your movements are less encumbered by armour. (ER -4)


Message History

The orc wizard is almost dead.
The orc wizard hits you but does no damage.
You claw the orc wizard!
You kill the orc wizard!
Items here: )))) [[ †††.
You see here a +0 helmet.
You now have 238 gold pieces (gained 16).
F - an emerald potion Unknown command.
A freezing wraith comes into view.
You see here a +0 helmet.
G - a +0 helmet You barely miss the freezing wraith.
The freezing wraith hits you. The freezing wraith freezes you!!
You shudder from the blow and a jelly pops out!
The freezing wraith hits you. The freezing wraith drains your vigour!
You feel yourself slow down.
You claw the freezing wraith!
You headbutt the freezing wraith, but do no damage.
Your bite misses the freezing wraith.
The freezing wraith is lightly damaged.
The freezing wraith hits you. The freezing wraith freezes you!
The freezing wraith closely misses you.
You claw the freezing wraith!
You claw the freezing wraith, but do no damage.
You bite the freezing wraith, but do no damage.
The freezing wraith is heavily damaged.
The freezing wraith barely misses you. The freezing wraith closely misses you.
You scratch the freezing wraith but do no damage.
You headbutt the freezing wraith, but do no damage.
You bite the freezing wraith, but do no damage.
The freezing wraith is heavily damaged.
The freezing wraith hits you! The freezing wraith freezes you!!
You shudder from the blow and a jelly pops out!
The freezing wraith hits you but does no damage.
Your acid blob barely misses the freezing wraith.
The freezing wraith hits you.
* * * LOW HITPOINT WARNING * * *
The freezing wraith freezes you!!
You die...

################
...............#
...............#
#######.#####..#
#.........#..#
#.#######.#..# ∆
#.#.J######.
#.#.@W...... ∆
#..J######.. ∆
#.#.### #
#.#...# # #
#.#...####.... #
..#..>.....#
###.).####.# ∆
#........# ##
#.#)###### ..


You could see a freezing wraith (ally target), a friendly acid blob (summoned)
and a friendly quicksilver ooze (summoned).

Vanquished Creatures
  A two-headed ogre (D:10)
  Maggie (D:6)
  A gargoyle (D:7)
  A troll (D:9)
  A wyvern (D:10)
  8 yaks
  A steam dragon (D:8)
  2 water moccasins
  3 orc warriors
  A sky beast (D:5)
  A centaur (D:10)
  An ogre (D:6)
  2 phantoms
  A kobold brigand (D:7)
  Blork the orc (D:6)
  5 bullfrogs
  A scorpion (D:5)
  5 wights (D:8)
  5 killer bees (D:7)
  2 centaur zombies
  2 hounds
  An orc priest (D:5)
  2 centaur skeletons
  2 gnoll shamans
  9 orc wizards
  2 howler monkey zombies
  8 gnolls
  8 adders
  4 river rats (D:6)
  A white imp (D:6)
  8 worms
  16 orcs
  7 ball pythons
  4 bats
  2 endoplasms (D:1)
  11 giant cockroaches
  5 goblins
  7 hobgoblins
  6 jackals
  6 quokkas
  10 frilled lizards
  13 kobolds
  3 rats
181 creatures vanquished.

Vanquished Creatures (collateral kills)
  An ogre (D:6)
  3 wights (D:8)
4 creatures vanquished.

Vanquished Creatures (others)
  A slime creature (D:10)
  2 water moccasins
  A black bear (D:4)
  A centaur (D:5)
  A kobold brigand (D:9)
  A wyvern zombie (D:8)
  An orc priest (D:6)
  A hound (D:6)
  7 jellies
  4 adders
  A river rat (D:6)
  A white imp (D:7)
  An ufetubus (D:6)
  A worm (D:6)
  5 orcs
  A ball python (D:2)
  3 endoplasms (D:2)
  3 goblins
  5 kobolds
  2 quokkas (D:2)
  2 bats
  2 rats
47 creatures vanquished.

Grand Total: 232 creatures vanquished

Notes
Turn   | Place    | Note
-------+----------+-------------------------------------------
     0 | D:1      | jjjjhere the Gnoll Wanderer began the quest for the Orb.
     0 | D:1      | jjjjhere set off with the following items: a +0 dagger, a
                  | potion of heal wounds, 8 boomerangs, a scroll of fear, a +0
                  | robe; and the following spell memorised: Slow; and the
                  | following spells available to memorise: Summon Guardian
                  | Golem
     0 | D:1      | Reached XP level 1. HP: 17/17 MP: 6/6
   196 | D:1      | HP: 5/17 [quokka (1)]
   200 | D:1      | HP: 2/17 [quokka (3)]
   558 | D:1      | Reached XP level 2. HP: 23/23 MP: 7/7
   790 | D:1      | Found a faded altar of an unknown god.
   790 | D:1      | Noticed a great orb of eyes
   799 | D:1      | Noticed a shining eye
   812 | D:1      | Noticed a floating eye
   822 | D:1      | Noticed a great orb of eyes
   837 | D:1      | Prayed at the altar of an unknown god.
   837 | D:1      | Became a worshipper of Jiyva Jekext the Shapeless
   837 | D:1      | Reached * piety under Jiyva
  1207 | D:2      | Reached XP level 3. HP: 28/28 MP: 9/9
  1214 | D:2      | Reached skill level 5 in Spellcasting
  1356 | D:2      | Reached ** piety under Jiyva
  1513 | D:2      | Reached skill level 1 in Invocations
  1514 | D:2      | Found Siuducar's Antique Armour Shop.
  1935 | D:3      | Reached skill level 1 in Short Blades
  1935 | D:3      | Reached skill level 1 in Long Blades
  1935 | D:3      | Reached skill level 1 in Axes
  1935 | D:3      | Reached skill level 1 in Maces & Flails
  1935 | D:3      | Reached skill level 1 in Polearms
  1935 | D:3      | Reached skill level 1 in Staves
  1935 | D:3      | Reached skill level 1 in Slings
  1935 | D:3      | Reached skill level 1 in Bows
  1935 | D:3      | Reached skill level 1 in Crossbows
  1935 | D:3      | Reached skill level 1 in Armour
  1935 | D:3      | Reached skill level 1 in Dodging
  1935 | D:3      | Reached skill level 1 in Stealth
  1935 | D:3      | Reached skill level 1 in Shields
  1935 | D:3      | Reached skill level 1 in Evocations
  1961 | D:3      | Reached XP level 4. HP: 34/34 MP: 11/11
  2001 | D:3      | Reached *** piety under Jiyva
  2039 | D:3      | Gained mutation: Your movements are slightly less
                  | encumbered by armour. (ER -2) [Jiyva's grace]
  2039 | D:3      | Gained mutation: Your movements are less encumbered by
                  | armour. (ER -4) [Jiyva's grace]
  2039 | D:3      | Gained mutation: Your movements are significantly less
                  | encumbered by armour. (ER -6) [Jiyva's grace]
  2039 | D:3      | Gained mutation: Your mind is acute. (Int +2) [Jiyva's
                  | grace]
  2554 | D:4      | Identified the +7 short sword of Lamuts {drain, rC+ Dex+2}
  2568 | D:4      | Reached skill level 1 in Conjurations
  2568 | D:4      | Reached skill level 1 in Summonings
  2568 | D:4      | Reached skill level 1 in Necromancy
  2568 | D:4      | Reached skill level 1 in Translocations
  2568 | D:4      | Reached skill level 1 in Transmutations
  2568 | D:4      | Reached skill level 1 in Fire Magic
  2568 | D:4      | Reached skill level 1 in Ice Magic
  2568 | D:4      | Reached skill level 1 in Air Magic
  2568 | D:4      | Reached skill level 1 in Earth Magic
  2568 | D:4      | Reached skill level 1 in Poison Magic
  2730 | D:4      | Killed a black bear
  2780 | D:4      | Reached **** piety under Jiyva
  3005 | D:4      | Reached XP level 5. HP: 40/40 MP: 12/12
  3068 | D:5      | Entered Level 5 of the Dungeon
  3181 | D:5      | Reached XP level 6. HP: 45/47 MP: 14/14
  3273 | D:5      | Noticed a sky beast
  3323 | D:5      | Killed a sky beast
  3348 | D:5      | Reached skill level 7 in Unarmed Combat
  3348 | D:5      | Reached XP level 7. HP: 47/52 MP: 15/15
  3546 | D:5      | Reached ***** piety under Jiyva
  3674 | D:6      | Lost mutation: Your mind is acute. (Int +2) [Jiyva's grace]
  3674 | D:6      | Lost mutation: Your movements are significantly less
                  | encumbered by armour. (ER -6) [Jiyva's grace]
  3674 | D:6      | Gained mutation: You have sharp fingernails. [Jiyva's
                  | grace]
  3674 | D:6      | Gained mutation: You have very sharp fingernails. [Jiyva's
                  | grace]
  3674 | D:6      | Gained mutation: You have claws for hands. [Jiyva's grace]
  3674 | D:6      | Gained mutation: You are covered in slimy tendrils that may
                  | disarm your opponents. [Jiyva's grace]
  3719 | D:6      | Found a staircase to the Ecumenical Temple.
  3994 | D:6      | Found a glowing drain.
  4005 | Sewer    | Entered a sewer
  4043 | Sewer    | Reached XP level 8. HP: 60/60 MP: 16/16
  4661 | D:6      | Noticed Blork the orc
  4669 | D:6      | Killed Blork the orc
  4711 | D:6      | Noticed Maggie
  4729 | D:6      | Killed Maggie
  5498 | D:7      | Noticed a gargoyle
  5513 | D:7      | Killed a gargoyle
  5514 | D:7      | Reached XP level 9. HP: 54/67 MP: 16/18
  5806 | D:7      | Reached skill level 5 in Fighting
  5806 | D:7      | Reached skill level 5 in Throwing
  6032 | D:8      | Lost mutation: You have claws for hands. [Jiyva's grace]
  6032 | D:8      | Gained mutation: Your body has grown eyes which may confuse
                  | attackers. (Acc +3) [Jiyva's grace]
  6032 | D:8      | Gained mutation: Your body has grown many eyes which may
                  | confuse attackers. (Acc +5) [Jiyva's grace]
  6032 | D:8      | Gained mutation: Your body is covered in eyes which may
                  | confuse attackers. (Acc +7, SInv) [Jiyva's grace]
  6032 | D:8      | Gained mutation: You have a pair of small horns on your
                  | head. [Jiyva's grace]
  6034 | D:8      | Identified the +2 long sword of the Big Fish {holy, Str+2}
  6207 | D:8      | Reached skill level 8 in Unarmed Combat
  6290 | D:8      | Identified the +5 ring mail of Spite {Will+}
  6452 | D:8      | Reached skill level 5 in Invocations
  6760 | D:9      | Reached XP level 10. HP: 69/74 MP: 20/20
  6933 | D:9      | Reached ****** piety under Jiyva
  6958 | D:9      | Reached skill level 5 in Short Blades
  6958 | D:9      | Reached skill level 5 in Long Blades
  6958 | D:9      | Reached skill level 5 in Axes
  6958 | D:9      | Reached skill level 5 in Maces & Flails
  6958 | D:9      | Reached skill level 5 in Polearms
  6958 | D:9      | Reached skill level 5 in Staves
  6958 | D:9      | Reached skill level 5 in Slings
  6958 | D:9      | Reached skill level 5 in Bows
  6958 | D:9      | Reached skill level 5 in Crossbows
  6958 | D:9      | Reached skill level 5 in Armour
  6958 | D:9      | Reached skill level 5 in Dodging
  6958 | D:9      | Reached skill level 5 in Stealth
  6958 | D:9      | Reached skill level 5 in Shields
  6958 | D:9      | Reached skill level 5 in Evocations
  7203 | D:10     | Entered Level 10 of the Dungeon
  7334 | D:10     | Found a snail-covered altar of Cheibriados.
  7335 | D:10     | Noticed a two-headed ogre
  7351 | D:10     | Killed a two-headed ogre
  7486 | D:10     | HP: 23/76 [freezing wraith (20)]
  7486 | D:10     | Slain by a freezing wraith

Illustrated notes

Levels and vault maps discovered:
D:1:      lemuel_arrival_room, layout_rooms,
          hellmonk_ecumenical_altar_watching_god
D:2:      layout_basic, serial_shops, nicolae_lakefront_shop
D:3:      layout_loops_corners, nicolae_wormholes
D:4:      layout_basic
D:5:      layout_rooms
D:6:      layout_basic, minmay_temple_entry_tees, lightli_sewer_entry_pipes,
          uniq_blork_the_orc, uniq_maggie
D:7:      layout_rooms
D:8:      layout_basic
D:9:      layout_roguey
D:10:     cheibrodos_shockbox, layout_loops_ring,
          nicolae_overflow_crystal_walls, minmay_the_grid_2x2
          [minmay_the_grid_diamond_grid, minmay_the_grid_spin_star,
          minmay_the_grid_dragon_b, minmay_the_grid_prize_shrinking_boxes]

Skill      XL: |  1  2  3  4  5  6  7  8  9 10 |
---------------+-------------------------------+-----
Spellcasting   | 5 6 7 |  7.6
Invocations    | 1 2 3 4 5 6 |  6.2
Short Blades   | 1 2 3 4 5 |  5.6
Long Blades    | 1 2 3 4 5 |  5.6
Axes           | 1 2 3 4 5 |  5.6
Maces & Flails | 1 2 3 4 5 |  5.6
Polearms       | 1 2 3 4 5 |  5.6
Staves         | 1 2 3 4 5 |  5.6
Slings         | 1 2 3 4 5 |  5.6
Bows           | 1 2 3 4 5 |  5.6
Crossbows      | 1 2 3 4 5 |  5.6
Armour         | 1 2 3 4 5 |  5.6
Dodging        | 1 2 3 4 5 |  5.6
Stealth        | 1 2 3 4 5 |  5.6
Shields        | 1 2 3 4 5 |  5.6
Evocations     | 1 2 3 4 5 |  5.6
Conjurations   | 1 2 3 4 |  4.6
Summonings     | 1 2 3 4 |  4.6
Necromancy     | 1 2 3 4 |  4.6
Translocations | 1 2 3 4 |  4.6
Transmutations | 1 2 3 4 |  4.6
Fire Magic     | 1 2 3 4 |  4.6
Ice Magic      | 1 2 3 4 |  4.6
Air Magic      | 1 2 3 4 |  4.6
Earth Magic    | 1 2 3 4 |  4.6
Poison Magic   | 1 2 3 4 |  4.6
Fighting       | 3 4 5 6 |  6.2
Throwing       | 3 4 5 6 |  6.2
Unarmed Combat | 7 8 |  8.7
Hexes          | 6 7 |  7.2

Action                   |  1- 3 |  4- 6 |  7- 9 | 10-12 || total
-------------------------+-------+-------+-------+-------++-------
Melee: Dagger            |    55 |       |       |       ||    55
       Bite              |    15 |     9 |    25 |    19 ||    68
       Punch             |     8 |     4 |    12 |    10 ||    34
       Short sword       |    56 |    82 |   194 |       ||   332
       Rapier            |     7 |    22 |       |       ||    29
       Unarmed           |       |       |    52 |   116 ||   168
       Headbutt          |       |       |    10 |    24 ||    34
Throw: Boomerang         |    85 |       |     1 |     6 ||    92
Invok: Oozemancy         |       |       |     2 |       ||     2
  Use: Scroll            |       |       |     7 |       ||     7
 Stab: Sleeping          |       |     1 |     7 |     3 ||    11
       Confused          |       |       |     2 |    10 ||    12
Armor: Ring mail         |    50 |    41 |    55 |    31 ||   177
       Steam dragon scal |       |       |     9 |       ||     9
Dodge: Dodged            |    53 |    53 |   182 |    63 ||   351
